 Dungeon Crawl Stone Soup version 0.31.0-32-g396128a36d (webtiles) character file.

Game seed: 11564136501478124111

3666 concernfroge the Spear-Bearer (level 9, -8/82 HPs)
             Began as a Minotaur Berserker on Apr 16, 2024.
             Was an Elder of Trog.
             Killed by an exploding butterfly (35 damage)
             ... ignited by their inner flame
             ... in a bailey.
             The game lasted 00:17:55 (6250 turns).

concernfroge the Spear-Bearer (Minotaur Berserker)  Turns: 6250, Time: 00:17:56

Health: -8/82      AC: 17    Str: 26    XL:     9   Next: 89%
Magic:  8/8        EV:  9    Int:  4    God:    Trog [****..]
Gold:   338        SH:  0    Dex: 16    Spells: 8/8 levels left

rFire   . . .        o - +2 scythe (flame)
rCold   + . .        (shield currently unavailable)
rNeg    . . .        v - +3 chain mail {rC+}
rPois   .            (helmet restricted)
rElec   .            (no cloak)
rCorr   .            C - +1 pair of gloves
SInv    .            (no boots)
Will    .....        (no amulet) Stlth
                     g - +6 ring of dexterity
HPRegen 0.33/turn    l - +4 ring of protection
MPRegen 0.11/turn

%: no passive effects
@: no status effects
A: horns 2, retaliatory headbutt
a: Renounce Religion, Berserk, Trog's Hand, Brothers in Arms


You were in a bailey.
You worshipped Trog.
Trog was greatly pleased with you.
You visited 2 branches of the dungeon, and saw 9 of its levels.
You also visited: Bailey.

You collected 338 gold pieces.

Inventory:

Hand Weapons
 o - a +2 scythe of flaming (weapon)
Missiles
 i - 6 curare-tipped darts (quivered)
 u - 2 darts of dispersal
Armour
 q - a +0 pair of gloves
 r - a +0 tower shield
 v - a +3 chain mail of cold resistance (worn)
 C - a +1 pair of gloves (worn)
Jewellery
 c - a +6 ring of intelligence
 g - a +6 ring of dexterity (left hand)
 l - a +4 ring of protection (right hand)
Wands
 b - a wand of roots (7)
 z - a wand of mindburst (13)
 B - a wand of digging (5)
Scrolls
 a - 4 scrolls of fear
 e - 5 scrolls of teleportation
 h - a scroll of poison
 k - a scroll of noise
 x - a scroll of blinking {unknown}
 y - 2 scrolls of amnesia {unknown}
 A - a scroll of silence {unknown}
Potions
 f - 3 potions of curing
 j - a potion of might
 m - a potion of invisibility
 n - a potion of haste
 p - 3 potions of mutation {unknown}


   Skills:
 - Level 8.3 Fighting
 - Level 3.6(10.3) Axes
 + Level 14.9(15.0) Polearms
 - Level 2.4 Armour
 - Level 2.1 Dodging


You had 8 spell levels left.
You didn't know any spells.
Your spell library was empty.

Dungeon Overview and Level Annotations

Branches:
Dungeon (8/15)             Temple (1/1) D:5          Bailey (1/1)
   Lair: D:8-11

Altars:
Ashenzari
Cheibriados
Elyvilon
Fedhas
Gozag
Hepliaklqana
Kikubaaqudgha
Makhleb
Nemelex Xobeh
Okawaru
Qazlal
Ru
Sif Muna
Trog
Uskayaw
Vehumet
Wu Jian
Xom
Yredelemnul
Zin
The Shining One


Innate Abilities, Weirdness & Mutations

You have a pair of horns on your head.
You reflexively headbutt those who attack you in melee.


Message History

As you read the scroll labelled LACASSOQUKH, it crumbles to dust.
It is a scroll of enchant armour.
Your +2 chain mail of cold resistance glows green for a moment.
As you read the scroll labelled WOEMOAR ZYOLOI, it crumbles to dust.
You hear the flapping of tiny wings.
The hobgoblin is knocked back by the sudden gust.
It was a scroll of butterflies.
The orc warrior barely misses your butterfly.
The orc warrior hits your butterfly with a +0 war axe.
Your butterfly dies!
Your butterfly disappears in a burst of colours!
As you read the scroll labelled YNEMPA DUOCAWK, it crumbles to dust.
The creatures around you are filled with an inner flame!
It was a scroll of immolation.
Your butterfly is engulfed in poison gas.
Your butterfly is poisoned.
Your butterfly disappears in a burst of colours!
Your butterfly explodes!
The fiery explosion engulfs your butterfly!
Your butterfly disappears in a burst of colours!
The fiery explosion engulfs your butterfly!
Your butterfly disappears in a burst of colours!
The fiery explosion engulfs your butterfly!!
Your butterfly disappears in a burst of colours!
The fiery explosion engulfs your butterfly!!!
Your butterfly disappears in a burst of colours!
The fiery explosion engulfs your butterfly!!
Your butterfly disappears in a burst of colours!
The fiery explosion engulfs you!!
Your butterfly explodes!
The fiery explosion engulfs your butterfly!!
Your butterfly disappears in a burst of colours!
The fiery explosion engulfs you!!
The fiery explosion engulfs your butterfly!!
Your butterfly disappears in a burst of colours!
Your butterfly explodes!
The fiery explosion engulfs your butterfly!!
Your butterfly disappears in a burst of colours!
The fiery explosion engulfs you!!
You die...

.....)....#
.....)...### ##
##.....###§### ##§#
###.#)#.☼○§°###
##bb°.
###)).°☼§§§b###.bb°§.
#....§§§°☼bb#.gb☼§§g
#....§°○°b○☼#bbbbb§.
#....°°°bb§§#bbb§b☼.
#....§§§b○☼§@bb°g°g.
#....°§bbb☼§#bbbbb☼.
##...☼○§☼b§###b☼b§§.
###.§§☼§### ##§o§.
###§### #°# ## #


You could see an orc warrior (inner flame, ally target), a gnoll (inner flame,
ally target), a hobgoblin (inner flame, ally target) and 2 goblins.

Vanquished Creatures
  Pikel (D:6)
  Prince Ribbit (D:8)
  Sigmund (D:4)
  A vampire mosquito (D:5)
  Duvessa (D:5)
  3 orc warriors
  A black bear (D:5)
  A sky beast (D:8)
  2 ogres (D:5)
  3 centaurs
  A lemure (D:6)
  3 phantoms
  Blork the orc (D:4)
  A gnoll sergeant (D:7)
  3 bullfrogs
  4 wights (D:8)
  Dowan (D:5)
  A bombardier beetle (D:2)
  3 hounds
  2 jellies (D:5)
  4 orc priests
  2 gnoll boudas
  An iguana (D:6)
  4 orc wizards
  A sleepcap (D:6)
  Terence (D:3)
  12 adders
  14 gnolls
  3 river rats (D:4)
  A white imp (D:7)
  A dart slug (D:1)
  A ribbon worm (D:4)
  25 orcs
  7 endoplasms
  A giant cockroach (D:2)
  11 goblins
  8 hobgoblins
  6 jackals
  5 quokkas
  11 ball pythons
  4 bats
  6 frilled lizards
  3 kobolds
  22 rats
189 creatures vanquished.

Notes
Turn   | Place    | Note
-------+----------+-------------------------------------------
     0 | D:1      | concernfroge the Minotaur Berserker began the quest for the
                  | Orb.
     0 | D:1      | Reached XP level 1. HP: 19/19 MP: 0/0
    51 | D:1      | Reached XP level 2. HP: 25/28 MP: 1/1
   535 | D:2      | Reached ** piety under Trog
   549 | D:2      | Reached skill level 5 in Fighting
   621 | D:2      | Reached XP level 3. HP: 27/36 MP: 2/2
   716 | D:2      | Reached XP level 4. HP: 44/44 MP: 3/3
  1293 | D:3      | Noticed Terence
  1296 | D:3      | Killed Terence
  1370 | D:3      | Found a faded altar of an unknown god.
  2152 | D:4      | Noticed Sigmund
  2160 | D:4      | Killed Sigmund
  2161 | D:4      | Reached XP level 5. HP: 55/55 MP: 4/4
  2161 | D:4      | Reached XP level 6. HP: 62/62 MP: 5/5
  2342 | D:4      | Reached skill level 1 in Polearms
  2346 | D:4      | Reached skill level 2 in Polearms
  2442 | D:4      | Reached skill level 3 in Polearms
  2720 | D:4      | Noticed Blork the orc
  2773 | D:4      | Killed Blork the orc
  2774 | D:4      | Reached skill level 4 in Polearms
  2902 | D:4      | Reached XP level 7. HP: 60/69 MP: 6/6
  3006 | D:4      | Reached skill level 5 in Polearms
  3271 | D:4      | Reached *** piety under Trog
  3314 | D:5      | Entered Level 5 of the Dungeon
  3326 | D:5      | Reached skill level 6 in Polearms
  3446 | D:5      | Reached skill level 7 in Polearms
  3549 | D:5      | Found a staircase to the Ecumenical Temple.
  3564 | Temple   | Entered the Ecumenical Temple
  3579 | D:5      | Reached skill level 8 in Polearms
  3579 | D:5      | Reached XP level 8. HP: 70/75 MP: 7/7
  3659 | D:5      | Noticed Duvessa
  3661 | D:5      | Noticed Dowan
  3668 | D:5      | Killed Duvessa
  3669 | D:5      | Reached skill level 9 in Polearms
  3673 | D:5      | Killed Dowan
  4195 | D:5      | Reached skill level 10 in Polearms
  4473 | D:6      | Reached skill level 11 in Polearms
  4490 | D:6      | Noticed Pikel
  4503 | D:6      | Killed Pikel
  4504 | D:6      | Reached skill level 12 in Polearms
  4504 | D:6      | Reached XP level 9. HP: 82/82 MP: 8/8
  4593 | D:6      | Identified the +8 short sword of the Seven Mouths {flame,
                  | Dex+2}
  5008 | D:6      | Reached skill level 13 in Polearms
  5333 | D:7      | Found a blossoming altar of Fedhas.
  5460 | D:7      | Reached **** piety under Trog
  5873 | D:8      | Reached skill level 14 in Polearms
  5923 | D:8      | Noticed Prince Ribbit
  5935 | D:8      | Killed Prince Ribbit
  6143 | D:8      | Found a flagged portal.
  6149 | Bailey   | Entered a bailey
  6250 | Bailey   | Killed by an exploding butterfly... ignited by their inner
                  | flame

Illustrated notes

Levels and vault maps discovered:
D:1:      eino_arrival_water_cross, layout_rooms
D:2:      layout_basic
D:3:      layout_loops_corners, dreamdust_ecumenical_altar_grove, uniq_terence
D:4:      layout_cave_pods, dk_rats_in_the_wall, uniq_blork_the_orc,
          uniq_sigmund
D:5:      minmay_chambers_of_fours, layout_loops_ring, minmay_temple_entry_grid,
          uniq_duvessa
D:6:      layout_basic, uniq_pikel
D:7:      layout_basic, old_standard_altar, minmay_misc_feat_room, minivault_24,
          minmay_stone_trees_small, minmay_splitting_lines
D:8:      layout_cave_pods, enter_bailey_3, serial_rivers,
          chequers_serial_rivers_room_b, chequers_serial_rivers_room_b,
          chequers_serial_rivers_marsh, chequers_serial_rivers_small_a,
          uniq_prince_ribbit1
Temple:   mainiacjoe_temple_cubbyholes
Bailey:   bailey_axe_minmay_hex_keep, bailey

Skill      XL: |  1  2  3  4  5  6  7  8  9 |
---------------+----------------------------+-----
Fighting       | 4 5 6 8 |  8.3
Polearms       | 4 8 12 14 | 14.9
Axes           | |  3.6
Armour         | |  2.4
Dodging        | |  2.1

Action                     |  1- 3 |  4- 6 |  7- 9 || total
---------------------------+-------+-------+-------++-------
  Melee: Hand axe          |    53 |    46 |       ||    99
         Headbutt          |     4 |    10 |    24 ||    38
         Halberd           |       |    39 |   246 ||   285
 Invoke: Berserk           |     1 |     3 |     6 ||    10
         Trog's Hand       |       |     2 |     2 ||     4
    Use: Scroll            |       |     1 |    11 ||    12
   Stab: Sleeping          |     1 |       |       ||     1
 Armour: Animal skin       |    26 |       |       ||    26
         Ring mail         |     3 |    12 |       ||    15
         Scale mail        |       |    49 |    47 ||    96
         Chain mail        |       |       |   103 ||   103
  Dodge: Dodged            |    33 |    39 |    69 ||   141
